 Dungeon Crawl Stone Soup version 0.19.1 (webtiles) character file.

196 yeeve the Chopper (level 5, -2/46 HPs)
             Began as a Minotaur Berserker on Dec 21, 2016.
             Was a Priest of Trog.
             Slain by a scorpion (6 damage)
             ... on level 4 of the Dungeon.
             The game lasted 00:04:22 (2925 turns).

yeeve the Chopper (Minotaur Berserker)              Turns: 2925, Time: 00:04:22

Health: -2/46      AC:  4    Str: 26    XL:     5   Next: 45%
Magic:  4/4        EV: 11    Int:  5    God:    Trog [***...]
Gold:   163        SH:  0    Dex: 10    Spells: 0 memorised, 4 levels left

rFire  . . .     SeeInvis .     m - +0 hand axe (curse)
rCold  . . .     Gourm    .     x - -1 ring mail (curse)
rNeg   . . .     Faith    .     (no shield)
rPois  .         Spirit   .     (helmet restricted)
rElec  .         Reflect  .     (no cloak)
rCorr  .         Harm     .     (no gloves)
MR     ++...                    (no boots)
Stlth  ..........               (no amulet)
                                (no ring)
                                (no ring)

@: mighty, lethally poisoned (-2 -> -3), regenerating
A: retaliatory headbutt, horns 2
a: Berserk, Trog's Hand, Burn Spellbooks, Renounce Religion


You were on level 4 of the Dungeon.
You worshipped Trog.
Trog was most pleased with you.
You were hungry.

You visited 1 branch of the dungeon, and saw 4 of its levels.

You collected 163 gold pieces.

Inventory:

Hand Weapons
 a - a +0 hand axe
 m - a cursed +0 hand axe (weapon)
 y - a +0 war axe
 z - a +0 war axe
Missiles
 k - 103 stones (quivered)
 w - 5 tomahawks
Armour
 b - a +0 animal skin
 f - a +0 leather armour
 j - a +0 ring mail
 l - a +0 chain mail
 x - a cursed -1 ring mail (worn)
Jewellery
 n - an uncursed amulet of harm {unknown}
 p - a cursed ring of loudness {unknown}
 q - a cursed ring of loudness {unknown}
Scrolls
 g - 2 scrolls of enchant weapon {unknown}
 i - 4 scrolls of identify {unknown}
 o - a scroll of enchant armour {unknown}
 r - 2 scrolls of magic mapping {unknown}
 t - 2 scrolls of fear {unknown}
 u - 2 scrolls of fog {unknown}
Potions
 e - a potion of cure mutation
Comestibles
 c - 3 bread rations
 d - a beef jerky
 h - a meat ration
 s - a chunk of flesh


   Skills:
 + Level 4.3 Fighting
 * Level 6.6 Axes
 + Level 3.4 Armour
 - Level 2.1 Dodging


You had 4 spell levels left.
You didn't know any spells.

Dungeon Overview and Level Annotations

Branches:
Dungeon (4/15)
 Temple: D:4-7

Altars:


Innate Abilities, Weirdness & Mutations

You reflexively headbutt those who attack you in melee.
You have a pair of horns on your head.


Message History

* * * LOW HITPOINT WARNING * * *
You closely miss the scorpion. Your headbutt misses the scorpion.
The scorpion is moderately wounded.
* * * LOW HITPOINT WARNING * * *
You feel sick.
The scorpion stings you but does no damage.
It was a potion of cure mutation.
It has a very clean taste.
* * * LOW HITPOINT WARNING * * *
You feel sick.
The scorpion stings you but does no damage.
It was a potion of might.
You feel very mighty all of a sudden.
* * * LOW HITPOINT WARNING * * *
You feel sick. The scorpion stings you.
* * * LOW HITPOINT WARNING * * *
Your skin crawls.
You feel resistant to hostile enchantments.
You are feeling hungry.
You feel sick. The scorpion stings you.
You die...

..........#
..........##
...........#
...........#
...........## .
............
#..
.........#.#...
#.....sH[#..#
#...$....)#
##........#
#.....<..#
##.......#
#.......#
#......##
.......##
....)####


You could see a scorpion.

Vanquished Creatures
  2 orc wizards (D:3)
  A worker ant (D:3)
  3 adders
  An adder skeleton (D:4)
  3 dart slugs
  2 leopard geckos (D:3)
  15 orcs
  2 ball pythons
  7 bats
  2 giant cockroaches
  6 goblins
  6 hobgoblins
  7 kobolds
  A quokka (D:2)
  6 rats
64 creatures vanquished.

Notes
Turn   | Place    | Note
-------+----------+-------------------------------------------
     0 | D:1      | yeeve the Minotaur Berserker began the quest for the Orb.
     0 | D:1      | Reached XP level 1. HP: 19/19 MP: 0/0
   181 | D:1      | Reached skill level 4 in Axes
   391 | D:1      | Reached XP level 2. HP: 24/26 MP: 1/1
  1074 | D:1      | Reached ** piety under Trog
  1074 | D:1      | Reached skill level 5 in Axes
  1329 | D:2      | Reached XP level 3. HP: 31/33 MP: 2/2
  2072 | D:3      | Reached XP level 4. HP: 35/40 MP: 3/3
  2101 | D:3      | Reached skill level 6 in Axes
  2239 | D:3      | Reached XP level 5. HP: 44/46 MP: 4/4
  2675 | D:3      | Reached *** piety under Trog
  2925 | D:4      | Slain by a scorpion

Skill      XL: |  1  2  3  4 |
---------------+-------------+-----
Axes           | 4 5 6 |  6.6
Armour         | 3 |  3.4
Fighting       | 4 |  4.3
Dodging        | |  2.1

Action                   |  1- 3 |  4- 6 || total
-------------------------+-------+-------++-------
Melee: Hand axe          |    80 |    67 ||   147
       Headbutt          |     8 |    16 ||    24
Invok: Trog's Hand       |       |     2 ||     2
       Berserk           |       |     1 ||     1
  Use: Potion            |       |     2 ||     2
  Eat: Chunk             |     2 |     4 ||     6
       Beef jerky        |     1 |       ||     1
Armor: Animal skin       |     3 |       ||     3
       Leather armour    |     2 |       ||     2
       Chain mail        |    24 |    18 ||    42
       Ring mail         |     2 |    12 ||    14
Dodge: Dodged            |    40 |    37 ||    77
